 Dungeon Crawl Stone Soup version 0.28-a0-622-gbaef9634d7 (webtiles) character file.

Game seed: 17539436154733027124

917 pokeman the Thaumaturge (level 7, -5/40 HPs)
             Began as a Deep Elf Hedge Wizard on Oct 7, 2021.
             Was an Initiate of Vehumet.
             Killed by divine providence
             ... invoked by an orc priest
              (16 damage)
             ... on level 6 of the Dungeon.
             The game lasted 00:09:13 (5652 turns).

pokeman the Thaumaturge (Deep Elf Hedge Wizard)     Turns: 5652, Time: 00:09:14

Health: -5/40      AC:  7    Str: 13    XL:     7   Next: 83%
Magic:  0/21       EV: 12    Int: 21    God:    Vehumet [......]
Gold:   155        SH:  0    Dex: 14    Spells: 12/23 levels left

rFire   + . .      SeeInvis .   b - +0 hand axe (elec)
rCold   + . .      Faith    .   (no shield)
rNeg    . . .      Spirit   .   e - +0 leather armour
rPois   .          Reflect  .   s - +2 helmet
rElec   .          Harm     .   d - scarf {rC+ rF+}
rCorr   .          Rampage  .   h - +0 pair of gloves
Will    .....                   (no boots)
Stlth   ++........              (no amulet)
HPRegen 0.13/turn               q - +6 ring of strength
MPRegen 0.17/turn               (no ring)

@: no status effects
A: no striking features
a: Renounce Religion


You were on level 6 of the Dungeon.
You worshipped Vehumet.
Vehumet was noncommittal.
You visited 2 branches of the dungeon, and saw 7 of its levels.

You collected 155 gold pieces.

Inventory:

Hand Weapons
 b - a +0 hand axe of electrocution (weapon)
Missiles
 n - 32 arrows
 r - 30 bolts
Armour
 d - a scarf of resistance (worn)
 e - a +0 leather armour (worn)
 h - a +0 pair of gloves (worn)
 s - a +2 helmet (worn)
Jewellery
 q - a +6 ring of strength (left hand)
Wands
 c - a wand of paralysis (4)
 x - a wand of iceblast (4)
Scrolls
 a - a scroll of noise {unknown}
 f - a scroll of teleportation {unknown}
 g - a scroll of immolation {unknown}
 i - a scroll of enchant armour {unknown}
 j - 4 scrolls of identify {unknown}
 o - a scroll of blinking {unknown}
 p - a scroll of fear {unknown}
 t - a scroll of brand weapon {unknown}
Potions
 k - a potion of resistance {unknown}
 l - 3 potions of curing
 m - 3 potions of lignification {unknown}
 u - 2 potions of cancellation {unknown}
 v - a potion of attraction {unknown}
 w - a potion of might {unknown}


   Skills:
 - Level 2.0 Fighting
 + Level 1.8 Armour
 - Level 3.0 Dodging
 - Level 3.0 Stealth
 * Level 8.6 Spellcasting
 + Level 4.3 Conjurations
 + Level 1.2 Summonings
 - Level 1.1 Translocations
 - Level 3.0 Fire Magic
 - Level 1.0 Air Magic
 - Level 1.0 Poison Magic
 - Level 1.0 Evocations


You had 12 spell levels left.
You knew the following spells:

 Your Spells              Type           Power      Damage    Failure   Level
a - Magic Dart            Conj           100%       1d8       1%          1
b - Mephitic Cloud        Conj/Pois/Air  17%        N/A       12%         3
c - Call Imp              Summ           14%        N/A       9%          2
d - Blink                 Tloc           N/A        N/A       9%          2
e - Conjure Flame         Conj/Fire      24%        6-21      6%          3

Your spell library contained the following spells:

 Spells                   Type           Power      Damage    Failure   Level
 Searing Ray              Conj           54%        2d6       2%          2
 Passwall                 Tmut/Erth      7%         N/A       14%         2
 Slow                     Hex            9%         N/A       14%         2
 Swiftness                Air            13%        N/A       19%         3
 Fulminant Prism          Conj/Hex       9%         3d7       36%         4
 Invisibility             Hex            4%         N/A       100%        6


Dungeon Overview and Level Annotations

Branches:
Dungeon (6/15)             Temple (1/1) D:5

Altars:
Ashenzari
Dithmenos
Elyvilon
Kikubaaqudgha
Nemelex Xobeh
Okawaru
Ru
Vehumet
Wu Jian
Yredelemnul
The Shining One


Message History

The centaur zombie hits you but does no damage.
The centaur zombie barely misses you.
The black bear bites you but does no damage.
The black bear closely misses you.
The black bear claws you but does no damage.
Casting: Magic Dart (safe; 1% risk of failure)
Confirm with . or Enter, or press ? or * to list all spells.
You blink.
The orc wizard mumbles some strange words.
The orc wizard flickers and vanishes!
Deactivating autopickup; reactivate with Ctrl-A.
Unknown command.
Unknown command.
Casting: Blink (safe; 9% risk of failure)
Confirm with . or Enter, or press ? or * to list all spells.
Aiming: Mephitic Cloud (dangerous; 12% risk of failure)
Press: ? - help, Shift-Dir - straight line, f - orc
Aim: an orc, wielding a +0 club (chance to affect: 96%)
The ball explodes into a vile cloud!
The stinking cloud engulfs the orc but does no damage. x2
The stinking cloud engulfs the black bear but does no damage.
The orc is engulfed in noxious fumes.
The orc appears confused.
The orc wonders, "What am I doing in here?"
The black bear is engulfed in noxious fumes.
The black bear appears confused.
The black bear barely misses something.
The black bear claws something.
The black bear barely misses something.
The orc is engulfed in noxious fumes.
The orc appears confused.
Unknown command.
Unknown command.
Unknown command.
The black bear is engulfed in noxious fumes.
The black bear appears confused.
Casting: Mephitic Cloud (dangerous; 12% risk of failure)
Confirm with . or Enter, or press ? or * to list all spells.
The fire begins to smoulder!
The centaur zombie hits you but does no damage.
The centaur zombie barely misses you.
The fire ignites!
The orc priest invokes the aid of Beogh against you.
Beogh smites you!
You die...

.. #.. ###
...
###.##..#..
##....#..#..
#...@.......
##..Z.......
#...##.....
##...).....
#.........
#.........
#..........
####o.......
##.#.....#...


You could see an orc priest and a centaur zombie.

Vanquished Creatures
  2 ogres
  A necrophage (D:5)
  2 scorpions
  A jelly (D:4)
  An orc priest (D:4)
  Jessica (D:3)
  A centaur skeleton (D:6)
  An orc wizard (D:4)
  A hound zombie (D:5)
  4 gnolls (D:5)
  6 adders
  A shadow imp (D:6)
  An ufetubus (D:5)
  An adder skeleton (D:4)
  A worm (D:2)
  2 dart slugs
  8 orcs
  8 ball pythons
  7 endoplasms
  3 giant cockroaches
  8 goblins
  6 hobgoblins
  4 jackals (D:5)
  4 quokkas
  4 bats
  3 frilled lizards
  7 kobolds
  5 rats
94 creatures vanquished.

Vanquished Creatures (collateral kills)
  A water moccasin (D:4)
  A necrophage (D:4)
  2 orcs (D:4)
4 creatures vanquished.

Grand Total: 98 creatures vanquished

Notes
Turn   | Place    | Note
-------+----------+-------------------------------------------
     0 | D:1      | pokeman the Deep Elf Hedge Wizard began the quest for the
                  | Orb.
     0 | D:1      | Reached XP level 1. HP: 10/10 MP: 7/7
   278 | D:1      | Reached XP level 2. HP: 15/15 MP: 7/9
   716 | D:1      | Reached skill level 5 in Spellcasting
  1053 | D:2      | Reached XP level 3. HP: 20/20 MP: 8/11
  1057 | D:2      | Learned a level 3 spell: Mephitic Cloud
  1060 | D:2      | Learned a level 2 spell: Call Imp
  1063 | D:2      | Learned a level 2 spell: Blink
  1067 | D:2      | Learned a level 3 spell: Conjure Flame
  1343 | D:2      | Reached skill level 1 in Fighting
  1343 | D:2      | Reached skill level 1 in Armour
  1967 | D:2      | Found a sparkling altar of Nemelex Xobeh.
  2034 | D:2      | Reached XP level 4. HP: 25/25 MP: 7/13
  2440 | D:2      | Found a faded altar of an unknown god.
  2505 | D:3      | Noticed Jessica
  2508 | D:3      | Killed Jessica
  2509 | D:3      | Reached skill level 1 in Fire Magic
  2582 | D:3      | Found a sacrificial altar of Ru.
  2658 | D:3      | Found an ornate altar of the Wu Jian Council.
  3022 | D:4      | Noticed an ogre
  3028 | D:4      | Reached skill level 6 in Spellcasting
  3028 | D:4      | Reached XP level 5. HP: 29/29 MP: 10/15
  3035 | D:4      | Killed an ogre
  3065 | D:4      | Reached skill level 1 in Air Magic
  3249 | D:4      | Noticed a necrophage
  3263 | D:4      | Found a shadowy altar of Dithmenos.
  3271 | D:4      | Killed a necrophage
  3272 | D:4      | Reached skill level 1 in Poison Magic
  3272 | D:4      | Reached XP level 6. HP: 32/34 MP: 6/17
  3492 | D:4      | Reached skill level 7 in Spellcasting
  3881 | D:4      | Found an iron altar of Okawaru.
  4114 | D:5      | Entered Level 5 of the Dungeon
  4117 | D:5      | Noticed a water moccasin
  4144 | D:4      | Killed a water moccasin
  4145 | D:4      | Reached XP level 7. HP: 16/39 MP: 3/20
  4821 | D:5      | Reached skill level 8 in Spellcasting
  4986 | D:5      | Reached skill level 1 in Evocations
  5307 | D:5      | Found a staircase to the Ecumenical Temple.
  5316 | Temple   | Entered the Ecumenical Temple
  5366 | Temple   | Became a worshipper of Vehumet
  5652 | D:6      | Killed from afar by an orc priest

Illustrated notes

Levels and vault maps discovered:
D:1:      amcnicky_arrival_double_pillar, layout_basic
D:2:      layout_loops_cross, basic_altar,
          shapermc_ecumenical_altar_mp_vishouse,
          hangedman_abyss_or_decor_lesser_grid, minmay_curled_crystal
D:3:      layout_rooms, mainiacjoe_overflow_large_starburst, uniq_jessica
D:4:      layout_rooms, nicolae_dithmenos_shadow_blocks,
          kennysheep_okawaru_gauntlet, kennysheep_opposing_triangles
D:5:      layout_loops_ring, minmay_temple_entry_stoned_glass
D:6:      minmay_evil_eye, layout_cave_pools, minmay_bent, uniq_duvessa
Temple:   compressed_dpeg_triangle_lava_temple

Skill      XL: |  1  2  3  4  5  6  7 |
---------------+----------------------+-----
Spellcasting   | 5 6 7 8 |  8.6
Fighting       | 1 2 |  2.0
Armour         | 1 |  1.8
Conjurations   | 2 3 4 |  4.3
Fire Magic     | 1 2 3 |  3.0
Dodging        | 3 |  3.0
Air Magic      | 1 |  1.0
Stealth        | 3 |  3.0
Poison Magic   | 1 |  1.0
Evocations     | 1 |  1.0
Summonings     | |  1.2
Translocations | |  1.1

Action                   |  1- 3 |  4- 6 |  7- 9 || total
-------------------------+-------+-------+-------++-------
Melee: Hand axe          |     4 |    11 |    22 ||    37
 Cast: Magic Dart        |   106 |    67 |    60 ||   233
       Mephitic Cloud    |     1 |     3 |     4 ||     8
       Conjure Flame     |       |     4 |     3 ||     7
       Call Imp          |       |     3 |     1 ||     4
       Blink             |       |     2 |     1 ||     3
 Stab: Confused          |       |     1 |     2 ||     3
Armor: Leather armour    |     2 |     6 |    24 ||    32
Dodge: Dodged            |     4 |    13 |    35 ||    52

Table legend: (Time is in decaauts)
 A = Elapsed time spent in this place.
 B = Non-inter-level travel time spent in this place.
 C = Inter-level travel time spent in this place.
 D = Time resting spent in this place.
 E = Time spent auto-exploring this place.
 F = Levels seen in this place.
 G = Mean time per level.
                   A        B        C        D        E       F      G
               +--------+--------+--------+--------+--------+-----+--------+
         Total |   5667 |   5553 |    114 |    120 |   4742 |   7 |  809.6 |
       Dungeon |   5605 |   5501 |    104 |    120 |   4704 |   6 |  934.2 |
        Temple |     61 |     51 |     10 |      0 |     38 |   1 |   61.0 |
               +--------+--------+--------+--------+--------+-----+--------+

Top non-repeatable levels by time:
     D:2: 1420 daAuts
     D:4: 1419 daAuts
     D:5: 1110 daAuts
     D:1: 1038 daAuts
     D:3: 561 daAuts
  Temple: 61 daAuts
     D:6: 55 daAuts
